BSA
MAUI TROPICS @ PLYMOUTH ROCKS
05/24/2028
 
TOP OF THE 1ST
Maui Tropics batting - Pitching for Plymouth Rocks : RHP José Martínez
Pitching: RHP José Martínez
Batting: LHB Mario Olivares 0-0: Ball
1-0: Swinging Strike
1-1: Called Strike
1-2: Foul Ball, location: 2F
1-2: Foul Ball, location: 2F
1-2: Foul Ball, location: 2F
1-2: Strikes out swinging
Batting: LHB Luis Antonio Torres 0-0: Called Strike
0-1: Called Strike
0-2: Foul Ball, location: 2F
0-2: Foul Ball, location: 2F
0-2: Ground out 4-3 (Groundball, 4)
Batting: RHB Jesús Espinoza 0-0: Foul Ball, location: 2F
0-1: Fly out, F8 (Line Drive, 8RXD)
Top of the 1st over - 0 run(s), 0 hit(s), 0 error(s), 0 left on base; Maui 0 - Plymouth 0
BOTTOM OF THE 1ST
Plymouth Rocks batting - Pitching for Maui Tropics : LHP Kent Robinson
Pitching: LHP Kent Robinson
Batting: RHB António Gonzáles 0-0: Ground out 6-3 (Groundball, 6)
Batting: LHB Barrett Waters 0-0: Ball
1-0: Ball
2-0: Foul Ball, location: 2F
2-1: SINGLE (Groundball, 6MS) (infield hit)
Batting: RHB Luis Sánchez 0-0: Ball
1-0: Foul Ball, location: 2F
1-1: Ball
2-1: Foul Ball, location: 2F
2-2: Fly out, F8 (Flyball, 8LD)
Batting: LHB Roberto García 0-0: Foul Ball, location: 2F
0-1: Foul Ball, location: 2F
0-2: Ball
1-2: Ball
2-2: Ball
3-2: Ground out 4-3 (Groundball, 4)
Bottom of the 1st over - 0 run(s), 1 hit(s), 0 error(s), 1 left on base; Maui 0 - Plymouth 0
TOP OF THE 2ND
Maui Tropics batting - Pitching for Plymouth Rocks : RHP José Martínez
Batting: RHB Luis Alou 0-0: Swinging Strike
0-1: Foul Ball, location: 2F
0-2: Ball
1-2: Fly out, F8 (Flyball, 8RM)
Batting: LHB Mike Pearson 0-0: Called Strike
0-1: Swinging Strike
0-2: Foul Ball, location: 2F
0-2: Foul Ball, location: 2F
0-2: Strikes out looking
Batting: RHB José Herrera 0-0: Foul Ball, location: 2F
0-1: Ball
1-1: Ball
2-1: Ball
3-1: Fly out, F8 (Flyball, 8RS)
Top of the 2nd over - 0 run(s), 0 hit(s), 0 error(s), 0 left on base; Maui 0 - Plymouth 0
BOTTOM OF THE 2ND
Plymouth Rocks batting - Pitching for Maui Tropics : LHP Kent Robinson
Batting: RHB Andrés Lara 0-0: Ground out 6-3 (Groundball, 6)
Batting: LHB Roy Patrick 0-0: DOUBLE (Flyball, 7LD)
Batting: RHB Wilbert Rodgers 0-0: Ball
1-0: Foul Ball, location: 2F
1-1: Ball
2-1: Swinging Strike
2-2: Ball
3-2: Foul Ball, location: 2F
3-2: Ground out 6-3 (Groundball, 6)
Roy Patrick to third
Batting: SHB Víctor Serrano 0-0: Ball
1-0: Called Strike
1-1: Fly out, F9 (Flyball, 9S)
Bottom of the 2nd over - 0 run(s), 1 hit(s), 0 error(s), 1 left on base; Maui 0 - Plymouth 0
TOP OF THE 3RD
Maui Tropics batting - Pitching for Plymouth Rocks : RHP José Martínez
Batting: LHB José Rivas 0-0: Ball
1-0: Ground out 4-3 (Groundball, 4)
Batting: RHB Ximena Campos 0-0: Ground out 5-3 (Groundball, 56)
Batting: RHB Matt Silver 0-0: Swinging Strike
0-1: Ball
1-1: Ball
2-1: Ball
3-1: Foul Ball, location: 2F
3-2: Foul Ball, location: 2F
3-2: Ground out 5-3 (Groundball, 56)
Top of the 3rd over - 0 run(s), 0 hit(s), 0 error(s), 0 left on base; Maui 0 - Plymouth 0
BOTTOM OF THE 3RD
Plymouth Rocks batting - Pitching for Maui Tropics : LHP Kent Robinson
Batting: RHB Taylor McFarland 0-0: Fly out, F9 (Flyball, 89M)
Batting: RHB António Gonzáles 0-0: Swinging Strike
0-1: Ball
1-1: Ball
2-1: Ball
3-1: Base on Balls
Batting: LHB Barrett Waters 0-0: Called Strike
0-1: Ball
1-1: Ball
2-1: Fly out, F8 (Flyball, 8LS)
Batting: RHB Luis Sánchez 0-0: Called Strike
0-1: Ball
1-1: Swinging Strike
1-2: Ball
2-2: Fly out, F7 (Flyball, 78M)
Bottom of the 3rd over - 0 run(s), 0 hit(s), 0 error(s), 1 left on base; Maui 0 - Plymouth 0
TOP OF THE 4TH
Maui Tropics batting - Pitching for Plymouth Rocks : RHP José Martínez
Batting: LHB Mario Olivares 0-0: Foul Ball, location: 2F
0-1: Foul Ball, location: 2F
0-2: Ground out 3-1 (Groundball, 34)
Batting: LHB Luis Antonio Torres 0-0: Fly out, F6 (Line Drive, 6)
Batting: RHB Jesús Espinoza 0-0: Called Strike
0-1: Ball
1-1: Foul Ball, location: 2F
1-2: Ball
2-2: Ball
3-2: Foul Ball, location: 2F
3-2: Ground out U3 (Groundball, 34S)
Top of the 4th over - 0 run(s), 0 hit(s), 0 error(s), 0 left on base; Maui 0 - Plymouth 0
BOTTOM OF THE 4TH
Plymouth Rocks batting - Pitching for Maui Tropics : LHP Kent Robinson
Batting: LHB Roberto García 0-0: Called Strike
0-1: Ball
1-1: Ball
2-1: Ball
3-1: Ground out 6-3 (Groundball, 6)
Batting: RHB Andrés Lara 0-0: Ball
1-0: Called Strike
1-1: Ball
2-1: Foul Ball, location: 2F
2-2: Foul Ball, location: 2F
2-2: Foul Ball, location: 2F
2-2: SOLO HOME RUN (Line Drive, 78D), Distance : 425 ft
Batting: LHB Roy Patrick 0-0: Called Strike
0-1: Ball
1-1: Foul Ball, location: 2F
1-2: Ground out 4-3 (Groundball, 4)
Batting: RHB Wilbert Rodgers 0-0: Ground out 6-3 (Groundball, 6)
Bottom of the 4th over - 1 run(s), 1 hit(s), 0 error(s), 0 left on base; Maui 0 - Plymouth 1
TOP OF THE 5TH
Maui Tropics batting - Pitching for Plymouth Rocks : RHP José Martínez
Batting: RHB Luis Alou 0-0: Fly out, F9 (Flyball, 9S)
Batting: LHB Mike Pearson 0-0: Called Strike
0-1: Ball
1-1: Ball
2-1: Fly out, F9 (Flyball, 9LM)
Batting: RHB José Herrera 0-0: Ball
1-0: Ball
2-0: SINGLE (Groundball, 56D)
Batting: LHB José Rivas 0-0: Ball
1-0: Ball
2-0: Ball
3-0: Swinging Strike
3-1: Foul Ball, location: 2F
3-2: Strikes out swinging
Top of the 5th over - 0 run(s), 1 hit(s), 0 error(s), 1 left on base; Maui 0 - Plymouth 1
BOTTOM OF THE 5TH
Plymouth Rocks batting - Pitching for Maui Tropics : LHP Kent Robinson
Batting: SHB Víctor Serrano 0-0: Foul Ball, location: 2F
0-1: Fly out, F8 (Flyball, 89M)
Batting: RHB Taylor McFarland 0-0: Fly out, F9 (Flyball, 9)
Batting: RHB António Gonzáles 0-0: Ball
1-0: SINGLE (Line Drive, 8LS)
Batting: LHB Barrett Waters 0-0: Foul Ball, location: 2F
0-1: Ball
Passed Ball!
António Gonzáles to second
1-1: Ball
2-1: Fly out, F8 (Flyball, 78XD)
Bottom of the 5th over - 0 run(s), 1 hit(s), 0 error(s), 1 left on base; Maui 0 - Plymouth 1
TOP OF THE 6TH
Maui Tropics batting - Pitching for Plymouth Rocks : RHP José Martínez
Batting: RHB Ximena Campos 0-0: Swinging Strike
0-1: Ball
1-1: Swinging Strike
1-2: Ball
2-2: Ball
3-2: Strikes out looking
Batting: RHB Matt Silver 0-0: Ball
1-0: Foul Ball, location: 2F
1-1: Ball
2-1: Fly out, F8 (Flyball, 78D)
Batting: LHB Mario Olivares 0-0: Called Strike
0-1: Foul Ball, location: 2F
0-2: Foul Ball, location: 2F
0-2: Foul Ball, location: 2F
0-2: Ball
1-2: Ball
2-2: Ball
3-2: Strikes out swinging
Top of the 6th over - 0 run(s), 0 hit(s), 0 error(s), 0 left on base; Maui 0 - Plymouth 1
BOTTOM OF THE 6TH
Plymouth Rocks batting - Pitching for Maui Tropics : LHP Kent Robinson
Batting: RHB Luis Sánchez 0-0: Called Strike
0-1: Fly out, F7 (Flyball, 78S)
Batting: LHB Roberto García 0-0: SINGLE (Flyball, 89S)
Batting: RHB Andrés Lara 0-0: Ball
1-0: Fly out, F7 (Flyball, 7)
Batting: LHB Roy Patrick 0-0: Ball
1-0: Called Strike
1-1: SINGLE (Line Drive, 8RS)
Roberto García to second
Batting: RHB Wilbert Rodgers 0-0: Ball
1-0: Fly out, F7 (Flyball, 78S)
Bottom of the 6th over - 0 run(s), 2 hit(s), 0 error(s), 2 left on base; Maui 0 - Plymouth 1
TOP OF THE 7TH
Maui Tropics batting - Pitching for Plymouth Rocks : RHP José Martínez
Batting: LHB Luis Antonio Torres 0-0: Fly out, F8 (Flyball, 8RXD)
Batting: RHB Jesús Espinoza 0-0: Ball
1-0: Called Strike
1-1: Fly out, F8 (Flyball, 8RD)
Batting: RHB Luis Alou 0-0: Foul Ball, location: 2F
0-1: Swinging Strike
0-2: Strikes out swinging
Top of the 7th over - 0 run(s), 0 hit(s), 0 error(s), 0 left on base; Maui 0 - Plymouth 1
BOTTOM OF THE 7TH
Plymouth Rocks batting - Pitching for Maui Tropics : LHP Kent Robinson
Batting: SHB Víctor Serrano 0-0: Ball
1-0: Foul Ball, location: 2F
1-1: Called Strike
1-2: Ball
2-2: Ground out 4-3 (Groundball, 4)
Batting: RHB Taylor McFarland 0-0: Ball
1-0: Swinging Strike
1-1: Ball
2-1: Called Strike
2-2: Strikes out swinging, 2-3 out at first.
Batting: RHB António Gonzáles 0-0: Ball
1-0: Swinging Strike
1-1: Ball
2-1: Fly out, F8 (Flyball, 8RS)
Bottom of the 7th over - 0 run(s), 0 hit(s), 0 error(s), 0 left on base; Maui 0 - Plymouth 1
TOP OF THE 8TH
Maui Tropics batting - Pitching for Plymouth Rocks : RHP José Martínez
Batting: LHB Mike Pearson 0-0: Called Strike
0-1: Swinging Strike
0-2: Ball
1-2: Strikes out looking
Batting: RHB José Herrera 0-0: Ball
1-0: Ball
2-0: Swinging Strike
2-1: Called Strike
2-2: Strikes out swinging
Batting: LHB José Rivas 0-0: Ball
1-0: Ball
2-0: Fly out, F8 (Flyball, 8RS)
Top of the 8th over - 0 run(s), 0 hit(s), 0 error(s), 0 left on base; Maui 0 - Plymouth 1
BOTTOM OF THE 8TH
Plymouth Rocks batting - Pitching for Maui Tropics : LHP Kent Robinson
Pitching: RHP César Rúbio
Batting: LHB Barrett Waters 0-0: Ball
1-0: DOUBLE (Flyball, 89XD)
Pinch Hitting: LHB Bob Smith 0-0: Fly out, F7 (Flyball, 7)
Batting: LHB Roberto García 0-0: Intentional Walk
Batting: RHB Andrés Lara 0-0: Ball
1-0: DOUBLE (Flyball, 9LM)
Barrett Waters scores
Roberto García to third
Runner from 3rd tries for Home, SAFE, throw made home
Batting: LHB Roy Patrick 0-0: Intentional Walk
Pitching: LHP Mark Stewart
Batting: RHB Wilbert Rodgers 0-0: Called Strike
0-1: Ball
1-1: Ball
2-1: Fly out, F8 (Flyball, 8RM)
Batting: SHB Víctor Serrano 0-0: Foul Ball, location: 2F
0-1: Ball
1-1: Fielders Choice at 2nd, 6-4 (Groundball, 6)
Bottom of the 8th over - 2 run(s), 2 hit(s), 0 error(s), 1 left on base; Maui 0 - Plymouth 3
TOP OF THE 9TH
Maui Tropics batting - Pitching for Plymouth Rocks : RHP José Martínez
Pitching: RHP Robinson Gonzáles
Now at 1B: Bob Smith
Batting: RHB Ximena Campos 0-0: Foul Ball, location: 2F
0-1: Ball
1-1: Foul Ball, location: 2F
1-2: Foul Ball, location: 2F
1-2: Strikes out swinging passed ball, reaches first!
Batting: RHB Matt Silver 0-0: Ball
1-0: Grounds into double play, 1-4-3 (Groundball, 15S)
Batting: LHB Mario Olivares 0-0: Called Strike
0-1: Ball
1-1: Foul Ball, location: 2F
1-2: Ball
2-2: Ball
3-2: Strikes out looking
Top of the 9th over - 0 run(s), 0 hit(s), 0 error(s), 0 left on base; Maui 0 - Plymouth 3
Tuesday, August 8th, 2017 - OOTP Baseball 17.12 Build 75